 Dungeon Crawl Stone Soup version 0.20.1-1-g8b1a95d (webtiles) character file.

183 dvd the Digger (level 5, 0/38 HPs)
             Began as a Demigod Earth Elementalist on Sept 2, 2017.
             Slain by Grinder (4 damage)
             ... on level 3 of the Dungeon.
             The game lasted 00:06:39 (2138 turns).

dvd the Digger (Demigod Earth Elementalist)         Turns: 2138, Time: 00:06:40

Health: 0/38       AC:  3    Str: 16    XL:     5   Next: 13%
Magic:  7/12       EV: 13    Int: 21    God:
Gold:   97         SH:  0    Dex: 16    Spells: 6/10 levels left

rFire    . . .     SeeInvis .   a - +3 whip (freeze)
rCold    . . .     Gourm    .   (no shield)
rNeg     . . .     Faith    .   c - +0 robe
rPois    .         Spirit   .   (no helmet)
rElec    .         Reflect  .   (no cloak)
rCorr    .         Harm     .   l - +0 pair of gloves
MR       .....                  (no boots)
Stlth    ++........             n - amulet of rage
Regen    0.2/turn               g - +5 ring of strength
MPRegen  0.2/turn               (no ring)

@: no status effects
A: high mp 1
a: Evoke Berserk Rage


You were on level 3 of the Dungeon.
You were not hungry.

You visited 1 branch of the dungeon, and saw 3 of its levels.

You collected 97 gold pieces.

Inventory:

Hand Weapons
 a - a +3 whip of freezing (weapon)
 o - a +0 rapier of holy wrath
Missiles
 b - 71 stones (quivered)
Armour
 c - a +0 robe (worn)
 f - +0 fire dragon scales
 h - a +2 scale mail of fire resistance
 l - a +0 pair of gloves (worn)
Jewellery
 g - a +5 ring of strength (left hand)
 n - an amulet of rage (around neck)
Wands
 r - a wand of paralysis (17/24)
Scrolls
 i - a scroll of remove curse {unknown}
 j - 2 scrolls of identify {unknown}
 m - a scroll of random uselessness {unknown}
 q - a scroll of recharging {unknown}
Potions
 k - a potion of resistance {unknown}
Books
 e - a book of Geomancy

   Spells                             Type                      Level
   a - Sandblast                      Earth                        1
   b - Passwall                       Transmutation/Earth          2
   c - Stone Arrow                    Conjuration/Earth            3
   d - Petrify                        Transmutation/Earth          4
   e - Lee's Rapid Deconstruction     Earth                        5
Comestibles
 d - a bread ration
 p - 2 chunks of flesh
 s - a meat ration


   Skills:
 + Level 0.1 Fighting
 + Level 1.0 Maces & Flails
 + Level 2.1 Dodging
 + Level 2.3 Stealth
 + Level 3.3 Spellcasting
 + Level 0.1 Conjurations
   Level 0.8 Transmutations
 + Level 3.8 Earth Magic


You had 6 spell levels left.
You knew the following spells:

 Your Spells              Type           Power        Failure   Level  Hunger
a - Sandblast             Erth           ###...       2%          1    None
b - Stone Arrow           Conj/Erth      ##....       17%         3    ###....


Dungeon Overview and Level Annotations

Branches:
Dungeon (3/15)

Annotations:
D:3 Grinder


Innate Abilities, Weirdness & Mutations

You have an increased reservoir of magic. (+10% MP)


Message History

Confirm with . or Enter, or press ? or * to list all spells.
Aiming: Sandblast
Press: ? - help, Shift-Dir - straight line, f/p - Grinder
Aim: Grinder (lightly wounded)
The blast of sand hits Grinder.
Grinder is lightly wounded.
b - 72 stones Grinder hits you.
You writhe in agony.
Casting: Sandblast
Confirm with . or Enter, or press ? or * to list all spells.
Aiming: Sandblast
Press: ? - help, Shift-Dir - straight line, f/p - Grinder
Aim: Grinder (lightly wounded)
The blast of sand hits Grinder.
Grinder is heavily wounded.
b - 71 stones Grinder hits you!
* * * LOW HITPOINT WARNING * * *
You writhe in agony.
You die...

###.....#
##_##....#
...
##...##...#
.... 8...
#...# ....
... #...#
.... #.#
#..## ....
#∩#♣#..#
....
♣.5.∩..#
.....
#@#♣#..#
.....
##.###..#
.....
#...##..#
.....
#8...8#..#
.....
##...##5.#
.....
##_##...#
.....
###...†#
.....
........#
.....
........#


You could see Grinder.

Vanquished Creatures
  Natasha (D:3)
  Ijyb (D:3)
  6 adders
  2 oozes (D:3)
  3 worms (D:2)
  3 dart slugs
  4 leopard geckos
  4 orcs (D:3)
  2 giant cockroaches (D:1)
  5 hobgoblins
  3 jackals (D:2)
  A quokka (D:2)
  3 bats
  A frilled lizard (D:2)
  4 goblins
  9 kobolds
  3 rats
55 creatures vanquished.

Notes
Turn   | Place    | Note
-------+----------+-------------------------------------------
     0 | D:1      | dvd the Demigod Earth Elementalist began the quest for the Orb.
     0 | D:1      | Reached XP level 1. HP: 14/14 MP: 5/5
   304 | D:1      | Reached XP level 2. HP: 20/20 MP: 4/7
   774 | D:2      | Reached XP level 3. HP: 26/26 MP: 6/9
  1065 | D:2      | Found a hazy altar of Hepliaklqana.
  1284 | D:2      | Learned a level 3 spell: Stone Arrow
  1430 | D:3      | Noticed Natasha
  1446 | D:3      | Killed Natasha
  1446 | D:3      | Reached XP level 4. HP: 19/33 MP: 3/11
  1832 | D:3      | Reached skill level 1 in Maces & Flails
  1977 | D:3      | Noticed Ijyb
  1978 | D:3      | Paralysed by Ijyb for 6 turns
  1989 | D:3      | Killed Ijyb
  1989 | D:3      | Reached XP level 5. HP: 36/38 MP: 9/12
  2116 | D:3      | Noticed Grinder
  2128 | D:3      | Found a bloodstained altar of Trog.
  2128 | D:3      | Found an iron altar of Okawaru.
  2138 | D:3      | Slain by Grinder

Skill      XL: |  1  2  3  4 |
---------------+-------------+-----
Spellcasting   | 2 3 |  3.3
Dodging        | 2 |  2.1
Earth Magic    | 3 |  3.8
Stealth        | 2 |  2.3
Maces & Flails | 1 |  1.0
Fighting       | |  0.1
Conjurations   | |  0.1
Transmutations | |  0.8

Action                   |  1- 3 |  4- 6 || total
-------------------------+-------+-------++-------
Melee: Unarmed           |     1 |       ||     1
       Whip              |    26 |    12 ||    38
 Cast: Sandblast         |    41 |    29 ||    70
       Stone Arrow       |     1 |     4 ||     5
 Stab: Sleeping          |     3 |       ||     3
  Eat: Chunk             |     2 |     2 ||     4
Armor: Robe              |     9 |     3 ||    12
Dodge: Dodged            |    23 |    14 ||    37
